 Dungeon Crawl Stone Soup version 0.29.0-13-gc9e81de378 (webtiles) character file.

Game seed: 4231075418480334186

123 freelancePsychic the Shooter (level 4, 0/35 HPs)
             Began as a Demonspawn Hunter on Sept 8, 2022.
             Slain by a jackal (3 damage)
             ... on level 2 of the Dungeon.
             The game lasted 00:02:38 (2018 turns).

freelancePsychic the Shooter (Demonspawn Hunter)    Turns: 2018, Time: 00:02:39

Health: 0/35       AC:  6    Str: 11    XL:     4   Next: 79%
Magic:  4/4        EV: 12    Int: 11    God:
Gold:   58         SH:  4    Dex: 18    Spells: 3/3 levels left

rFire   . . .      SeeInvis .   a - +0 shortbow
rCold   . . .      Faith    .   (shield currently unavailable)
rNeg    . . .      Spirit   .   c - +0 leather armour
rPois   .          Reflect  .   l - +0 helmet
rElec   .          Harm     .   (no cloak)
rCorr   .          Rampage  .   n - +1 pair of gloves
Will    .....                   (no boots)
Stlth   ++........              f - amulet of regeneration
HPRegen 0.91/turn               (no ring)
MPRegen 0.18/turn               (no ring)

@: lethally poisoned (0 -> 0)
A: large bone plates 1, magic regeneration, demonic magic 1
a: no special abilities


You were on level 2 of the Dungeon.
You visited 1 branch of the dungeon, and saw 3 of its levels.

You collected 58 gold pieces.

Inventory:

Hand Weapons
 a - a +0 shortbow (weapon)
Armour
 c - a +0 leather armour (worn)
 l - a +0 helmet (worn)
 n - a +1 pair of gloves (worn)
Jewellery
 f - an amulet of regeneration (around neck)
 g - a +6 ring of strength
Scrolls
 b - a scroll of immolation
 d - a scroll of noise
 i - a scroll of teleportation {@r4}
 m - a scroll of brand weapon
 o - 3 scrolls of fog
Potions
 e - a potion of mutation {unknown}
 h - 2 potions of haste {@q3}
 j - 2 potions of curing {unknown}
 k - a potion of heal wounds {unknown}


   Skills:
 + Level 3.3 Fighting
 * Level 5.0 Ranged Weapons
 - Level 1.7 Dodging
 - Level 0.8 Stealth


You had 3 spell levels left.
You didn't know any spells.
Your spell library was empty.

Dungeon Overview and Level Annotations

Branches:
Dungeon (3/15)

Altars:


Innate Abilities, Weirdness & Mutations

You are partially covered in large bone plates. (SH +4)
You regenerate magic rapidly.
Spells you cast may paralyse adjacent enemies.


Message History

You shoot an arrow. The arrow hits the orc.
The orc is lightly wounded.
The jackal bites you but does no damage.
The adder barely misses you. The orc closely misses you. The jackal misses you.
The adder closely misses you. The orc hits you but does no damage.
Fire: a) +0 shortbow
Press: ? - help, Shift-Dir - straight line, f/p - orc
Aim: an orc, wielding a +0 hand axe and wearing a +0 leather armour (lightly wounded, 64% to hit)
You shoot an arrow. The arrow barely misses the orc.
The jackal closely misses you. The adder closely misses you.
The jackal barely misses you. The orc misses you. The adder bites you.
* * * LOW HITPOINT WARNING * * *
You are poisoned.
The adder poisons you!
Fire: a) +0 shortbow
Press: ? - help, Shift-Dir - straight line, f/p - orc
Aim: an orc, wielding a +0 hand axe and wearing a +0 leather armour (lightly wounded, 64% to hit)
You shoot an arrow. The arrow hits the orc.
The orc is almost dead.
You feel sick.
The jackal bites you but does no damage.
The adder barely misses you. The orc barely misses you. The jackal bites you.
* * * LOW HITPOINT WARNING * * *
Fire: a) +0 shortbow
Press: ? - help, Shift-Dir - straight line, f/p - orc
Aim: an orc, wielding a +0 hand axe and wearing a +0 leather armour (almost dead, 64% to hit)
You shoot an arrow. The arrow hits the orc.
You kill the orc!
You feel sick. The adder closely misses you. The jackal closely misses you.
The adder bites you but does no damage. The jackal bites you.
* * * LOW HITPOINT WARNING * * *
Fire: a) +0 shortbow
Press: ? - help, Shift-Dir - straight line, f - jackal
Aim: a jackal (58% to hit)
You shoot an arrow. The arrow hits the jackal.
The jackal is almost dead.
You feel sick.
The jackal bites you but does no damage.
The adder closely misses you. The jackal bites you.
You die...

### #.#
##############.#######
#[.............#.....#
#.############.#.##.##
#.#..........#.#.##.#
#...........[#.#.##.#
#######.#####.####.#.##.#
.........[.....)@h....#.#
#######.#####.##S#.#..#.#
# #...........#.#.#..#.#
# #.##.###........#..#.#
# #.#.............#..#.#
# #.#..##............#.#
#.#..##..#....#.##.#.#
#.#..##........<.#.#.#
#.#..##....#...#.#.#.#


You could see an adder and a jackal.

Vanquished Creatures
  Natasha (D:2)
  An orc wizard (D:2)
  An adder (D:2)
  A gnoll (D:1)
  2 dart slugs
  3 orcs
  5 bats (D:2)
  2 endoplasms (D:2)
  A giant cockroach (D:1)
  2 goblins (D:2)
  3 hobgoblins
  5 jackals
  2 quokkas (D:1)
  3 ball pythons
  5 frilled lizards (D:1)
  7 kobolds
  2 rats
46 creatures vanquished.

Vanquished Creatures (others)
  5 plants (D:1)
5 creatures vanquished.

Grand Total: 51 creatures vanquished

Notes
Turn   | Place    | Note
-------+----------+-------------------------------------------
     0 | D:1      | freelancePsychic the Demonspawn Hunter began the quest for
                  | the Orb.
     0 | D:1      | Reached XP level 1. HP: 16/16 MP: 1/1
   169 | D:1      | Gained mutation: Spells you cast may paralyse adjacent
                  | enemies. [demonic ancestry]
   169 | D:1      | Reached XP level 2. HP: 22/22 MP: 2/2
   470 | D:1      | Reached skill level 4 in Ranged Weapons
   594 | D:1      | Gained mutation: You regenerate magic rapidly. [demonic
                  | ancestry]
   594 | D:1      | Reached XP level 3. HP: 28/28 MP: 3/3
  1581 | D:2      | Found a faded altar of an unknown god.
  1973 | D:3      | Noticed Natasha
  1984 | D:2      | Gained mutation: You are partially covered in large bone
                  | plates. (SH +4) [demonic ancestry]
  1984 | D:2      | Reached XP level 4. HP: 32/34 MP: 4/4
  2013 | D:2      | Killed Natasha
  2014 | D:2      | Reached skill level 5 in Ranged Weapons
  2018 | D:2      | Slain by a jackal

Illustrated notes

Levels and vault maps discovered:
D:1:      dpeg_arrival_tiny_j, layout_basic, hangedman_decor_growths,
          lexackson_kobold_supper
D:2:      layout_basic, hellmonk_ecumenical_altar_pennies_from_heaven
D:3:      layout_rooms, gup_sewer_entry_glass, hellmonk_ghost_happy_afterlife,
          skrybe_limestone_x, minmay_randomly_rotated_circles, uniq_natasha

Skill      XL: |  1  2  3  4 |
---------------+-------------+-----
Ranged Weapons | 4 5 |  5.0
Fighting       | 3 |  3.3
Dodging        | |  1.7
Stealth        | |  0.8

Action                   |  1- 3 |  4- 6 || total
-------------------------+-------+-------++-------
 Fire: Shortbow          |   104 |    28 ||   132
  Use: Scroll            |     6 |       ||     6
Armor: Leather armour    |    28 |    32 ||    60
Dodge: Dodged            |    32 |    36 ||    68
Block: Other             |       |     5 ||     5
